 Dungeon Crawl Stone Soup version 0.28.0-53-g5a82cb258f (webtiles) character file.

Game seed: 2074437574390011962

62 DildoBatman the Conjurer (level 4, -1/32 HPs)
             Began as a Formicid Conjurer on July 15, 2022.
             Slain by a hobgoblin (2 damage)
             ... on level 3 of the Dungeon.
             The game lasted 00:02:01 (911 turns).

DildoBatman the Conjurer (Formicid Conjurer)         Turns: 911, Time: 00:02:02

Health: -1/32      AC:  2    Str: 12    XL:     4   Next: 28%
Magic:  3/8        EV: 12    Int: 17    God:
Gold:   25         SH:  0    Dex: 11    Spells: 5/8 levels left

rFire   . . .      SeeInvis +   b - +0 dagger
rCold   . . .      Faith    .   (no shield)
rNeg    . . .      Spirit   .   a - +0 robe
rPois   .          Reflect  .   (helmet unavailable)
rElec   .          Harm     .   (no cloak)
rCorr   .          Rampage  .   (no gloves)
Will    .....                   (no boots)
Stlth   ++........              (no amulet)
HPRegen 0.10/turn               (no ring)
MPRegen 0.11/turn               (no ring)

@: no status effects
A: permanent stasis, dig shafts and tunnels, antennae 3, four strong arms
a: Dig, Shaft Self


You were on level 3 of the Dungeon.
You visited 1 branch of the dungeon, and saw 3 of its levels.

You collected 25 gold pieces.

Inventory:

Hand Weapons
 b - a +0 dagger (weapon)
Missiles
 c - 21 bolts
 d - 23 arrows
 e - 5 boomerangs
 g - 20 stones
 h - 3 datura-tipped darts
Armour
 a - a +0 robe (worn)
Scrolls
 i - 3 scrolls of teleportation {unknown}
Potions
 f - a potion of magic {unknown}


   Skills:
 * Level 1.6 Fighting
 * Level 1.7 Armour
 - Level 2.0 Dodging
 - Level 2.4 Stealth
 * Level 2.8 Spellcasting
 * Level 4.0 Conjurations


You had 5 spell levels left.
You knew the following spells:

 Your Spells              Type           Power      Damage    Failure   Level
a - Searing Ray           Conj           32%        2d5       5%          2
c - Magic Dart            Conj           64%        1d6       3%          1

Your spell library contained the following spells:

 Spells                   Type           Power      Damage    Failure   Level
 Freeze                   Ice            8%         1d3       19%         1
 Dazzling Flash           Conj/Hex       18%        N/A       24%         3
 Frozen Ramparts          Ice            4%         1d2       47%         3
 Fulminant Prism          Conj/Hex       4%         3d6       61%         4
 Hailstorm                Conj/Ice       9%         3d4       61%         4
 Iskenderun's Mystic Bla  Conj/Tloc      9%         2d4       61%         4


Dungeon Overview and Level Annotations

Branches:
Dungeon (2/15)

Altars:


Innate Abilities, Weirdness & Mutations

You cannot be hasted, slowed, berserked, paralysed or teleported.
You can dig through walls and to a lower floor.
You have a pair of large antennae on your head. (SInv)
Your four strong arms can wield two-handed weapons with a shield.


Message History

An orc comes into view. It is wielding a +0 flail.
The orc barely misses you.
An orc comes into view. It is wielding a +0 hand axe.
The frilled lizard closely misses you. The frilled lizard barely misses you.
The orc hits you with a +0 short sword. What are your orders? t - Shout!
Orders for allies: a - Attack new target. r - Retreat! s - Stop attacking. g - Guard the area. f - Follow me.
Anything else - Cancel.
You shout for attention!
The hobgoblin barely misses you. The orc closely misses you.
The frilled lizard closely misses you. The orc barely misses you.
The frilled lizard barely misses you. What are your orders? t - Shout!
Orders for allies: a - Attack new target. r - Retreat! s - Stop attacking. g - Guard the area. f - Follow me.
Anything else - Cancel.
You shout for attention!
The hobgoblin hits you. The orc misses you. The orc barely misses you.
The frilled lizard bites you but does no damage.
The frilled lizard bites you. The orc barely misses you.
What are your orders? t - Shout!
Orders for allies: a - Attack new target. r - Retreat! s - Stop attacking. g - Guard the area. f - Follow me.
Anything else - Cancel.
You shout for attention!
The hobgoblin hits you.
You die...

.##)........#
...........#
..........#
#.........#
#.........#
#..o......#
#goo....# {
{#@o....#
......lol.....#
.......o.......
.......o.......
...............
...............
...............
...............


You could see an orc wizard, 6 orcs, a hobgoblin and 2 frilled lizards.

Vanquished Creatures
  A centaur skeleton (D:2)
  A dart slug (D:1)
  A ball python (D:1)
  4 endoplasms (D:1)
  2 goblins (D:1)
  2 hobgoblins (D:1)
  2 jackals (D:1)
  A quokka (D:1)
  4 bats (D:1)
  5 kobolds (D:1)
  5 rats
28 creatures vanquished.

Notes
Turn   | Place    | Note
-------+----------+-------------------------------------------
     0 | D:1      | DildoBatman the Formicid Conjurer began the quest for the
                  | Orb.
     0 | D:1      | Reached XP level 1. HP: 13/13 MP: 3/3
   216 | D:1      | Reached XP level 2. HP: 18/20 MP: 3/5
   219 | D:1      | Learned a level 2 spell: Searing Ray
   347 | D:1      | Reached skill level 1 in Fighting
   347 | D:1      | Reached skill level 1 in Armour
   348 | D:1      | Reached XP level 3. HP: 25/26 MP: 0/6
   895 | D:2      | Reached skill level 4 in Conjurations
   895 | D:2      | Reached XP level 4. HP: 22/32 MP: 1/8
   897 | D:2      | You fall into a shaft and drop 1 floor!
   910 | D:3      | HP: 1/32 [frilled lizard (1)]
   911 | D:3      | Slain by a hobgoblin

Illustrated notes

Levels and vault maps discovered:
D:1:      roderic_octagonal_star, layout_rooms, grunt_decor_fettered,
          st_stairs_3, minmay_misc_feat_columns
D:2:      layout_loops_ring, glass_columns_b
D:3:      layout_rooms, grunt_gozag_statues, nicolae_overflow_crystal_walls,
          serial_shops, nicolae_shop_hallway_plus, nicolae_shop_hallway_stairs,
          nicolae_shop_trees, hangedman_feature_mirror

Skill      XL: |  1  2  3 |
---------------+----------+-----
Dodging        | 2 |  2.0
Fighting       | 1 |  1.6
Armour         | 1 |  1.7
Conjurations   | 4 |  4.0
Stealth        | |  2.4
Spellcasting   | |  2.8

Action                   |  1- 3 |  4- 6 || total
-------------------------+-------+-------++-------
Melee: Dagger            |    38 |       ||    38
 Cast: Magic Dart        |    15 |       ||    15
       Searing Ray       |     7 |       ||     7
 Abil: Shaft Self        |       |     1 ||     1
Armor: Robe              |    17 |     3 ||    20
Dodge: Dodged            |    46 |    15 ||    61
